Map: Ruins of Seras

Players

Probe

  • Race: Protoss Protoss

HuK - Winner!

  • Race: Protoss Protoss
  • League: Grandmaster

Event: DreamHack ROCCAT LotV Championship

VOD

Have the link to the VOD?

Description

Time

  • Played on: Nov. 26, 2015, 7:55 a.m.
  • Length: 6:15

All games in this series

Show
View Real Time Build Order
Export as new Build Order

Probe Protoss 

Build Orders: 1 Gate Expand 

Get SALT Encoding   

  12  0:02  Probe (Chrono Boost)  
  13  0:12  Probe (Chrono Boost)  
  14  0:19  Pylon  
  14  0:23  Probe (Chrono Boost)  
  15  0:38  Probe (Chrono Boost), Gateway  
  16  0:47  Assimilator  
  16  0:48  Probe (Chrono Boost)  
  17  0:59  Probe (Chrono Boost)  
  18  1:09  Probe (Chrono Boost)  
  19  1:21  Nexus  
  19  1:26  Probe (Chrono Boost)  
  20  1:37  Cybernetics Core  
  20  1:39  Probe (Chrono Boost)  
  21  1:43  Assimilator  
  21  1:49  Probe (Chrono Boost)  
  22  1:54  Pylon  
  22  2:00  Probe (Chrono Boost)  
  23  2:14  Mothership Core (Chrono Boost)  
  23  2:15  Adept  
  27  2:24  Warp Gate  
  26  2:32  Probe (Chrono Boost)  
  26  2:35  Probe (Chrono Boost)  
  28  2:43  Probe (Chrono Boost)  
  29  2:45  Probe (Chrono Boost), Robotics Facility  
  30  2:53  Probe (Chrono Boost)  
  30  2:54  Stalker  
  30  2:57  Probe (Chrono Boost)  
  34  3:04  Probe (Chrono Boost)  
  35  3:08  Probe (Chrono Boost), Assimilator  
  36  3:14  Probe (Chrono Boost)  
  36  3:19  Probe (Chrono Boost)  
  38  3:25  Probe (Chrono Boost)  
  39  3:30  Probe (Chrono Boost)  
  40  3:35  Probe (Chrono Boost), Observer (Chrono Boost)  
  40  3:38  Probe (Chrono Boost)  
  41  3:42  Pylon  
  41  3:46  Probe  
  41  3:47  Pylon  
  42  3:49  Probe  
  42  3:50  Gateway  
  42  3:51  Gateway  
  44  3:55  Observer (Chrono Boost)  
  44  3:59  Probe x2  
  46  4:05  Robotics Bay  
  46  4:11  Twilight Council  
  46  4:16  Probe (Chrono Boost)  
  46  4:17  Probe (Chrono Boost)  
  46  4:19  Assimilator  
  48  4:28  Stalker  
  48  4:30  Probe x2 (Chrono Boost)  
  52  4:34  Pylon  
  52  4:39  Observer (Chrono Boost), Pylon  
  53  4:48  Stalker  
  55  4:59  Stalker x2  
  57  5:12  Stalker  
  55  5:21  Disruptor  
  55  5:23  Gateway  
  55  5:24  Stalker  
  55  5:25  Gateway  
  55  5:27  Gateway  
  58  5:31  Mothership Core  
  58  5:33  Stalker  
  56  5:43  Stalker  
  56  5:48  Adept  
  44  5:58  Probe x2  
Show
View Real Time Build Order
Export as new Build Order

HuK Protoss - Winner!

Build Orders: Blink Stalkers 

Get SALT Encoding   

  12  0:00  Probe (Chrono Boost)  
  13  0:11  Probe (Chrono Boost)  
  14  0:17  Pylon  
  14  0:22  Probe (Chrono Boost)  
  15  0:36  Probe (Chrono Boost)  
  15  0:37  Gateway  
  15  0:42  Assimilator  
  16  0:48  Probe (Chrono Boost)  
  17  0:52  Assimilator  
  17  0:59  Probe (Chrono Boost)  
  17  1:02  Pylon  
  18  1:09  Probe (Chrono Boost)  
  19  1:20  Probe (Chrono Boost)  
  19  1:24  Cybernetics Core  
  20  1:30  Probe (Chrono Boost)  
  21  1:41  Probe (Chrono Boost)  
  22  1:51  Probe (Chrono Boost)  
  23  1:59  Nexus  
  23  2:04  Mothership Core (Chrono Boost)  
  23  2:07  Warp Gate (Chrono Boost)  
  27  2:19  Twilight Council  
  25  2:24  Probe  
  26  2:37  Gateway  
  26  2:38  Probe  
  27  2:48  Robotics Facility  
  27  2:49  Blink (Chrono Boost)  
  27  3:00  Probe  
  28  3:12  Probe x2 (Chrono Boost)  
  30  3:24  Probe x2 (Chrono Boost)  
  31  3:34  Probe x2 (Chrono Boost)  
  31  3:40  Warp Prism (Chrono Boost)  
  34  3:49  Probe x2 (Chrono Boost)  
  34  3:51  Gateway  
  36  3:57  Gateway  
  36  4:01  Probe  
  37  4:04  Sentry  
  37  4:07  Stalker  
  41  4:12  Probe  
  41  4:13  Probe  
  41  4:16  Observer (Chrono Boost)  
  44  4:22  Pylon  
  44  4:25  Probe, Pylon  
  44  4:29  Gateway  
  45  4:33  Probe  
  46  4:40  Probe  
  47  4:48  Pylon  
  47  4:52  Probe  
  48  4:54  Stalker x2  
  48  4:55  Stalker x2  
  54  5:18  Sentry  
  54  5:19  Stalker x3  
  62  5:23  Probe  
  62  5:24  Probe  
  62  5:34  Sentry  
  60  5:36  Probe  
  61  5:42  Stalker  
  61  5:44  Adept  
  61  5:45  Zealot x2  
  67  5:51  Assimilator  
  67  5:52  Probe, Assimilator  
  60  6:10  Stalker x3  
  58  6:12  Zealot  
  58  6:13  Zealot  

Tags
 
Add a new tag
Caveats
  • Supply blocks, unpowered buildings, or Contaminate may cause inaccurate times.
  • Supply counts are checked every 10 seconds.